 Dungeon Crawl Stone Soup version 0.28-a0-1374-ga75cb3825e (webtiles) character file.

Game seed: 16307244955365989071

1014 funkygono the Magician (level 8, -2/41 HPs)
             Began as a Deep Elf Fire Elementalist on Dec 31, 2021.
             Slain by a yak (10 damage)
             ... on level 6 of the Dungeon.
             The game lasted 00:12:15 (5328 turns).

funkygono the Magician (Deep Elf Fire Elementalist) Turns: 5328, Time: 00:12:15

Health: -2/41      AC:  5    Str:  5    XL:     8   Next: 1%
Magic:  15/30      EV: 13    Int: 23    God:
Gold:   111        SH:  0    Dex: 15    Spells: 12/22 levels left

rFire   + . .      SeeInvis +   b - +0 short sword (chaos)
rCold   + . .      Faith    .   (no shield)
rNeg    . . .      Spirit   .   a - +1 robe
rPois   .          Reflect  .   (no helmet)
rElec   .          Harm     .   q - +1 cloak
rCorr   .          Rampage  .   (no gloves)
Will    .....                   (no boots)
Stlth   ++........              (no amulet)
HPRegen 0.13/turn               f - ring of magical power
MPRegen 0.22/turn               i - ring "Madd" {rF+ rC+ Slay+4 SInv}

@: no status effects
A: no striking features
a: no special abilities


You were on level 6 of the Dungeon.
You visited 1 branch of the dungeon, and saw 7 of its levels.

You collected 111 gold pieces.

Inventory:

Hand Weapons
 b - a +0 short sword of chaos (weapon)
 p - a +4 quarterstaff of chaos
Missiles
 g - 170 stones
 n - a throwing net
Armour
 a - a +1 robe (worn)
 j - the +10 tower shield of Ignorance {rN+ Int-4}
   (You found it on level 2 of the Dungeon)

   Int:       It affects your intelligence (-4).
   rN:        It protects you from negative energy.
 k - a +0 buckler
 q - a +1 cloak (worn)
Magical Staves
 m - a staff of earth
Jewellery
 c - a ring of protection from fire
 f - a ring of magical power (left hand)
 i - the ring "Madd" (right hand) {rF+ rC+ Slay+4 SInv}
   (You found it on level 3 of the Dungeon)

   [ring of slaying]

   Slay:      It affects your accuracy & damage with ranged weapons and melee
   (+4).
   rF:        It protects you from fire.
   rC:        It protects you from cold.
   SInv:      It lets you see invisible.
Wands
 o - a wand of charming (6)
Scrolls
 d - a scroll of identify
 l - a scroll of amnesia
 r - 2 scrolls of teleportation
 u - a scroll of fog
Potions
 h - 2 potions of berserk rage
 v - a potion of mutation
 w - a potion of magic


   Skills:
 + Level 0.2 Fighting
 + Level 2.7 Dodging
 - Level 2.4 Stealth
 * Level 7.8 Spellcasting
 * Level 4.4 Conjurations
 * Level 7.4 Fire Magic


You had 12 spell levels left.
You knew the following spells:

 Your Spells              Type           Power      Damage    Failure   Level
a - Foxfire               Conj/Fire      100%       2x1d9     1%          1
b - Scorch                Fire           86%        2d9       1%          2
c - Conjure Flame         Conj/Fire      36%        6-21      1%          3
d - Flame Wave            Conj/Fire      36%        2d7       6%          4

Your spell library contained the following spells:

 Spells                   Type           Power      Damage    Failure   Level
 Shock                    Conj/Air       76%        1d7       2%          1
 Inner Flame              Hex/Fire       26%        N/A       4%          3
 Dazzling Flash           Conj/Hex       38%        N/A       9%          3
 Swiftness                Air            8%         N/A       22%         3
 Airstrike                Air            4%         N/A       56%         4
 Agony                    Necr           8%         N/A       89%         5
 Silence                  Hex/Air        4%         N/A       89%         5


Dungeon Overview and Level Annotations

Branches:
Dungeon (7/15)
 Temple: D:4-7

Altars:
Hepliaklqana
Trog

Shops:
D:2 [


Message History

The yak closely misses you. The yak gores you.
* * * LOW HITPOINT WARNING * * *
Unknown command.
Casting: Flame Wave (quite dangerous; 6% risk of failure)
Confirm with . or Enter, or press ? or * to list all spells.
The spell is quite dangerous to miscast (6% risk of failure)!
Continue anyway?
Okay, then.
You feel better. The yak closely misses you.
Casting: Flame Wave (quite dangerous; 6% risk of failure)
Confirm with . or Enter, or press ? or * to list all spells.
The spell is quite dangerous to miscast (6% risk of failure)!
Continue anyway?
Casting: Flame Wave (quite dangerous; 6% risk of failure)
Press: ? - help, Dir - look around, f - activate A wave of flame ripples out!
The flame wave engulfs the yak!
The yak is heavily wounded. (Press . to intensify the flame waves.)
The yak misses you.
Unknown command.
A wave of flame ripples out!
The flame wave engulfs the yak!
The yak is almost dead.
The flame wave engulfs the yak.
The yak is heavily wounded.
The flame wave engulfs the yak.
The yak is lightly wounded.
The yak misses you.
A wave of flame ripples out!
The flame wave engulfs the yak!
The yak is almost dead.
The flame wave engulfs the yak.
The yak is heavily wounded.
The flame wave engulfs the yak!
The yak is severely wounded.
The flame wave engulfs the yak!
The yak is heavily wounded.
You finish channelling waves of flame.
The yak gores you!
* * * LOW HITPOINT WARNING * * *
Unknown command.
Casting: Flame Wave (quite dangerous; 6% risk of failure)
Confirm with . or Enter, or press ? or * to list all spells.
You conjure some foxfire!
The yak gores you!
You die...

#.# #.# #.# #.#
#.#######.#
#.##......#
#.##.###..#
#......#..#
####.#.#..#
#...[vv# ###)##@#
#[##Y# #)##.#
#.##Y# #.##Y#
#..#.#####...
##.#####..Y........
..........†#####...
##.#####.#.#


You could see 4 yaks.

Vanquished Creatures
  A yak (D:6)
  An orc warrior (D:7)
  A necrophage (D:4)
  2 ogres
  A scorpion (D:4)
  A wyvern skeleton (D:5)
  A centaur zombie (D:4)
  A hound (D:4)
  Crazy Yiuf (D:3)
  Natasha (thrice) (D:2)
  2 orc wizards (D:6)
  Terence (D:2)
  3 gnolls (D:3)
  5 adders
  2 adder skeletons (D:4)
  A worm (D:2)
  5 dart slugs
  12 orcs
  8 ball pythons
  A bat (D:2)
  7 endoplasms
  3 giant cockroaches (D:4)
  9 goblins
  4 hobgoblins
  5 quokkas
  3 frilled lizards (D:1)
  6 kobolds
  2 rats (D:1)
92 creatures vanquished.

Vanquished Creatures (others)
  318 foxfires
  A fungus (D:3)
319 creatures vanquished.

Grand Total: 411 creatures vanquished

Notes
Turn   | Place    | Note
-------+----------+-------------------------------------------
     0 | D:1      | funkygono the Deep Elf Fire Elementalist began the quest
                  | for the Orb.
     0 | D:1      | Reached XP level 1. HP: 10/10 MP: 6/6
   397 | D:1      | Reached XP level 2. HP: 15/15 MP: 5/8
   400 | D:1      | Learned a level 2 spell: Scorch
   450 | D:1      | Found a faded altar of an unknown god.
   922 | D:1      | Reached XP level 3. HP: 19/19 MP: 6/9
   966 | D:1      | Learned a level 3 spell: Conjure Flame
  1522 | D:2      | Found the +10 tower shield of Ignorance {rN+ Int-4}
  1630 | D:2      | Found Notiogev's Armour Boutique.
  1774 | D:2      | Noticed Natasha
  1775 | D:2      | Reached XP level 4. HP: 24/24 MP: 11/11
  1778 | D:2      | Killed Natasha
  1981 | D:2      | Noticed Terence
  1990 | D:2      | Killed Terence
  1991 | D:2      | Reached skill level 5 in Fire Magic
  2187 | D:2      | Noticed Natasha
  2191 | D:2      | Killed Natasha
  2192 | D:2      | Reached XP level 5. HP: 18/28 MP: 14/14
  2293 | D:2      | Noticed Natasha
  2297 | D:2      | Killed Natasha
  2322 | D:2      | Learned a level 4 spell: Flame Wave
  2625 | D:3      | Identified the ring "Madd" {rF+ rC+ Slay+4 SInv}
  2953 | D:3      | Reached skill level 5 in Spellcasting
  3279 | D:3      | Found a runed translucent door.
  3280 | D:3      | Noticed Crazy Yiuf
  3401 | D:3      | Killed Crazy Yiuf
  3728 | D:4      | Noticed a necrophage
  3737 | D:4      | Killed a necrophage
  3738 | D:4      | Reached XP level 6. HP: 32/32 MP: 16/16
  4417 | D:4      | Reached XP level 7. HP: 36/36 MP: 18/18
  4844 | D:5      | Entered Level 5 of the Dungeon
  4901 | D:5      | You fall into a shaft and drop 2 floors!
  4901 | D:7      | Found a bloodstained altar of Trog.
  4901 | D:7      | Found a hazy altar of Hepliaklqana.
  5301 | D:6      | Noticed a yak
  5302 | D:6      | Noticed a yak
  5307 | D:6      | Noticed a yak
  5307 | D:6      | Noticed a yak
  5308 | D:6      | Noticed a yak
  5310 | D:6      | Killed a yak
  5311 | D:6      | Reached XP level 8. HP: 27/41 MP: 20/21
  5328 | D:6      | Slain by a yak

Illustrated notes

Levels and vault maps discovered:
D:1:      eino_arrival_cavern_e, layout_basic, ebering_ecumenical_altar_webs
D:2:      layout_basic, serial_shops, nicolae_square_shop,
          minmay_misc_feat_roman, minmay_misc_feat_enclosed, uniq_natasha,
          uniq_terence
D:3:      layout_basic, uniq_crazy_yiuf_cottage
D:4:      layout_basic
D:5:      layout_loops_ring, mainiacjoe_overflow_chevrons,
          mainiacjoe_overflow_surrounded_room, serial_shops, shop, uniq_duvessa
D:6:      layout_loops_ring, grunt_decor_mini_mirrors, uniq_sigmund
D:7:      layout_cave_pools, lemuel_blue_sif_altar, general_overflow_altar,
          nicolae_overflow_squiral, minmay_temple_entry_waves

Skill      XL: |  1  2  3  4  5  6  7 |
---------------+----------------------+-----
Fire Magic     | 4 5 6 7 |  7.4
Spellcasting   | 4 5 6 7 |  7.8
Conjurations   | 2 3 4 |  4.4
Fighting       | |  0.2
Dodging        | |  2.7
Stealth        | |  2.4

Action                   |  1- 3 |  4- 6 |  7- 9 || total
-------------------------+-------+-------+-------++-------
Melee: Short sword       |       |     1 |     1 ||     2
 Cast: Foxfire           |    67 |    94 |    32 ||   193
       Scorch            |     6 |     9 |    12 ||    27
       Flame Wave        |       |       |     2 ||     2
  Use: Scroll            |       |     8 |     6 ||    14
       Potion            |       |       |     2 ||     2
Armor: Robe              |       |     6 |     3 ||     9
Dodge: Dodged            |     2 |     7 |     9 ||    18

Table legend: (Time is in decaauts)
 A = Elapsed time spent in this place.
 B = Non-inter-level travel time spent in this place.
 C = Inter-level travel time spent in this place.
 D = Time resting spent in this place.
 E = Time spent auto-exploring this place.
 F = Levels seen in this place.
 G = Mean time per level.
                   A        B        C        D        E       F      G
               +--------+--------+--------+--------+--------+-----+--------+
         Total |   5326 |   5246 |     80 |    660 |   3616 |   7 |  760.9 |
       Dungeon |   5326 |   5246 |     80 |    660 |   3616 |   7 |  760.9 |
               +--------+--------+--------+--------+--------+-----+--------+

Top non-repeatable levels by time:
     D:3: 1329 daAuts
     D:1: 1247 daAuts
     D:4: 1186 daAuts
     D:2: 1078 daAuts
     D:7: 217 daAuts
     D:6: 210 daAuts
     D:5: 56 daAuts
